General information
- name: BNet
- type: Ladder team game (AT/RT)
- host: Battle.net
- saver: TIMG4STRok
map: TurtleRock
- players: 4
- length: 14:00
- speed: Fast
- version: 1.21 W3XP
- replay type:

» download(86 KB)
Players
team 1 (winner)

»
NADMaN (
teal | 158 APM | 2216 actions | 14:00)
4 Demon Hunter
2 Mana Burn
2 Evasion
3 Naga Sea Witch
2 Frost Arrows
1 Forked Lightning
» actions
| Assign group hotkey | 13 | |
| Basic commands | 50 | |
| Build / train | 50 | |
| ESC pressed | 3 | |
| Enter build submenu | 13 | |
| Enter hero's abilities submenu | 7 | |
| Give item / drop item | 4 | |
| Right click | 1025 | |
| Select / deselect | 285 | |
| Select group hotkey | 723 | |
| Use ability | 43 | |
2216 total
» units
| Wisp | 11 | |
| Huntress | 7 | |
| Dryad | 5 | |
| Druid of the Claw | 2 | |
25 total
» upgrades
| Strength of the Wild | 1 | |
| Reinforced Hides | 1 | |
| Abolish Magic | 1 | |
| Druid of the Claw Training | 2 | |
| Sentinel | 1 | |
6 total
» buildings
| Altar of Elders | 1 | |
| Moon Well | 5 | |
| Ancient of War | 1 | |
| Hunter's Hall | 1 | |
| Tree of Ages | 1 | |
| Ancient of Lore | 3 | |
| Tree of Eternity | 3 | |
15 total
» build order
00:05 Altar of Elders
00:18 Moon Well
02:02 Ancient of War
02:03 Hunter's Hall
02:19 Moon Well
03:20 Tree of Ages
04:28 Moon Well
05:55 Ancient of Lore
05:56 Ancient of Lore
06:19 Moon Well
09:42 Ancient of Lore
09:52 Moon Well
09:56 Tree of Eternity
09:57 Tree of Eternity
» items
| Potion of Lesser Invulnerability | 2 | |
| Scroll of Healing | 2 | |
| Scroll of Town Portal | 1 | |
5 total

»
TIMG4STRok (
purple | 134 APM | 1875 actions | 14:00)
4 Archmage
2 Summon Water Elemental
2 Brilliance Aura
4 Mountain King
2 Storm Bolt
2 Bash
» actions
| Assign group hotkey | 19 | |
| Basic commands | 124 | |
| Build / train | 48 | |
| Enter build submenu | 19 | |
| Enter hero's abilities submenu | 8 | |
| Give item / drop item | 1 | |
| Right click | 741 | |
| Select / deselect | 194 | |
| Select group hotkey | 661 | |
| Use ability | 60 | |
1875 total
» units
| Peasant | 11 | |
| Footman | 7 | |
| Sorceress | 3 | |
| Priest | 1 | |
| Spell Breaker | 1 | |
23 total
» upgrades
| Defend | 1 | |
| Sorceress Training | 1 | |
| Priest Training | 1 | |
| Magic Sentry | 1 | |
| Plating | 1 | |
| Swords | 1 | |
6 total
» buildings
| Barracks | 1 | |
| Altar of Kings | 1 | |
| Farm | 8 | |
| Scout Tower | 1 | |
| Arcane Tower | 1 | |
| Arcane Vault | 2 | |
| Keep | 1 | |
| Arcane Sanctum | 2 | |
| Castle | 1 | |
| Blacksmith | 1 | |
19 total
» build order
00:09 Barracks
00:12 Altar of Kings
00:15 Farm
00:47 Scout Tower
01:26 Farm
01:45 Farm
02:25 Arcane Tower
03:34 Arcane Vault
03:55 Keep
04:02 Farm
04:34 Farm
06:15 Farm
06:18 Arcane Sanctum
06:20 Arcane Sanctum
09:33 Arcane Vault
09:46 Castle
09:47 Farm
11:16 Blacksmith
11:48 Farm
» items
| Scroll of Regeneration | 4 | |
| Scroll of Town Portal | 1 | |
| Potion of Healing | 1 | |
6 total
team 2 (loser)
araf_15 (
orange | 63 APM | 886 actions | 13:59)
4 Priestess of the Moon
2 Trueshot Aura
2 Searing Arrows
» actions
| Assign group hotkey | 16 | |
| Build / train | 40 | |
| Enter build submenu | 13 | |
| Enter hero's abilities submenu | 4 | |
| Give item / drop item | 1 | |
| Right click | 568 | |
| Select / deselect | 155 | |
| Select group hotkey | 59 | |
| Use ability | 30 | |
886 total
» units
| Wisp | 11 | |
| Huntress | 11 | |
| Archer | 2 | |
| Dryad | 1 | |
25 total
» upgrades
| Strength of the Moon | 1 | |
| Moon Armor | 1 | |
| Abolish Magic | 1 | |
3 total
» buildings
| Altar of Elders | 1 | |
| Moon Well | 5 | |
| Ancient of War | 2 | |
| Hunter's Hall | 1 | |
| Tree of Ages | 2 | |
| Ancient of Wonders | 1 | |
| Ancient of Lore | 1 | |
13 total
» build order
00:17 Altar of Elders
00:35 Moon Well
01:45 Ancient of War
01:51 Moon Well
02:04 Hunter's Hall
02:28 Ancient of War
03:58 Moon Well
04:53 Moon Well
08:56 Tree of Ages
08:56 Tree of Ages
10:10 Moon Well
10:15 Ancient of Wonders
11:30 Ancient of Lore
» items
| Scroll of Town Portal | 1 | |
| Scroll of Healing | 1 | |
2 total
K.pLz.Ty(sE) (
green | 83 APM | 1156 actions | 13:54)
3 Death Knight
2 Death Coil
1 Unholy Aura
1 Priestess of the Moon
1 Searing Arrows
» actions
| Assign group hotkey | 28 | |
| Basic commands | 9 | |
| Build / train | 49 | |
| ESC pressed | 1 | |
| Enter build submenu | 14 | |
| Enter hero's abilities submenu | 4 | |
| Give item / drop item | 2 | |
| Right click | 570 | |
| Select / deselect | 182 | |
| Select group hotkey | 235 | |
| Use ability | 62 | |
1156 total
» units
| Acolyte | 3 | |
| Ghoul | 2 | |
| Crypt Fiend | 13 | |
| Obsidian Statue | 2 | |
| Frost Wyrm | 1 | |
21 total
» upgrades
| Creature Attack | 2 | |
| Burrow | 1 | |
| Destroyer Form | 2 | |
| Web | 1 | |
| Freezing Breath | 1 | |
7 total
» buildings
| Crypt | 1 | |
| Graveyard | 1 | |
| Altar of Darkness | 2 | |
| Ziggurat | 4 | |
| Tomb of Relics | 1 | |
| Nerubian Tower | 2 | |
| Halls of the Dead | 5 | |
| Spirit Tower | 1 | |
| Slaughterhouse | 1 | |
| Black Citadel | 1 | |
| Sacrificial Pit | 1 | |
| Boneyard | 1 | |
21 total
» build order
00:12 Crypt
00:17 Graveyard
00:33 Altar of Darkness
00:37 Altar of Darkness
00:47 Ziggurat
01:32 Ziggurat
01:43 Tomb of Relics
02:12 Nerubian Tower
02:12 Nerubian Tower
04:04 Halls of the Dead
04:05 Halls of the Dead
04:36 Ziggurat
04:38 Ziggurat
05:41 Spirit Tower
06:37 Slaughterhouse
07:45 Black Citadel
09:06 Sacrificial Pit
10:10 Boneyard
» items
| Rod of Necromancy | 4 | |
| Potion of Mana | 1 | |
| Orb of Corruption | 1 | |
| Sacrificial Skull | 1 | |
7 total
Chat log
(00:19 / Allies) TIMG4STRok: defendmen
(00:23 / Allies) TIMG4STRok: somehting in my throat